 Dungeon Crawl Stone Soup version 0.25-a0-934-g041635d5d1 (console) character file.

Game seed: 15891039268243681157, levelgen mode: deterministic

2947 Gorlak the Protected (level 10, 0/73 HPs)
             Began as a Human Conjurer on May 4, 2020.
             Was an Initiate of Ashenzari.
             Slain by a queen ant (11 damage)
             ... on level 7 of the Dungeon.
             The game lasted 01:12:31 (8238 turns).

Gorlak the Protected (Human Conjurer)               Turns: 8238, Time: 01:12:31

Health: 0/73       AC:  9    Str: 12    XL:     10   Next: 7%
Magic:  9/20       EV: 10    Int: 19    God:    Ashenzari [......]
Gold:   445        SH:  3    Dex: 14    Spells: 20/23 levels left

rFire    + . .     SeeInvis .   Q - +9 falchion of Keduok {vorpal, Int+4} (curse)
rCold    x . .     Gourm    .   h - +0 buckler
rNeg     . . .     Faith    +   J - +0 ring mail
rPois    +         Spirit   .   n - +0 helmet
rElec    .         Reflect  .   B - +0 cloak
rCorr    .         Harm     .   (no gloves)
MR       .....                  (no boots)
Stlth    ++........             F - amulet of faith (curse)
HPRegen  0.22/turn              G - ring of poison resistance
MPRegen  0.17/turn              y - ring of fire

@: lethally poisoned (0 -> -64)
A: no striking features
a: Curse Item, Renounce Religion


You were on level 7 of the Dungeon.
You worshipped Ashenzari.
Ashenzari was noncommittal.
You were not hungry.

You visited 2 branches of the dungeon, and saw 9 of its levels.

You collected 445 gold pieces.

Inventory:

Hand Weapons
 q - a +1 dagger of protection
 t - a +2 spear of venom
 z - a +0 dagger of holy wrath
 A - a +4 spear
 H - a +1 dagger of venom
 O - a +1 dagger of draining
 Q - the cursed +9 falchion of Keduok (weapon) {vorpal, Int+4}
   (You took it off an orc wizard on level 6 of the Dungeon)

   It inflicts extra damage upon your enemies.
   It affects your intelligence (+4).
   It has a curse placed upon it.
 S - a +0 shortbow
Missiles
 d - 306 stones (quivered)
 r - 105 arrows
 K - 15 boomerangs
Armour
 h - a +0 buckler (worn)
 k - a +0 ring mail
 n - a +0 helmet (worn)
 B - a +0 cloak (worn)
 I - a +0 chain mail
 J - a +0 ring mail (worn)
 L - a +0 leather armour
 N - a +0 scale mail
 Z - a scarf of resistance
Jewellery
 y - a ring of fire (right hand)
 F - a cursed amulet of faith (around neck)
 G - a ring of poison resistance (left hand)
Wands
 a - a wand of digging (8)
 M - a wand of disintegration (11)
 W - a wand of flame (23)
 X - a wand of acid (14)
Scrolls
 i - a scroll of noise {unknown}
 j - 4 scrolls of enchant weapon {unknown}
 o - 5 scrolls of identify
 s - 7 scrolls of teleportation {unknown}
 w - 4 scrolls of fog {unknown}
 x - 2 scrolls of enchant armour {unknown}
 C - 3 scrolls of amnesia {unknown}
 E - 2 scrolls of blinking {unknown}
 P - a scroll of vulnerability {unknown}
 R - a scroll of fear {unknown}
 T - a scroll of magic mapping {unknown}
Potions
 b - a potion of haste {unknown}
 e - a potion of cancellation {unknown}
 f - 2 potions of invisibility {unknown}
 g - 2 potions of flight {unknown}
 m - 2 potions of degeneration {unknown}
 p - 2 potions of might {unknown}
 u - 3 potions of heal wounds {unknown}
 v - 2 potions of brilliance {unknown}
 D - 3 potions of curing {unknown}
 U - a potion of mutation {unknown}
Comestibles
 c - 16 rations
 l - 5 chunks of flesh


   Skills:
 + Level 4.4 Fighting
 + Level 4.5 Long Blades
 - Level 8.0 Armour
 - Level 2.0 Dodging
 - Level 3.0 Stealth
 - Level 7.0 Spellcasting
 - Level 5.0 Conjurations


You had 20 spell levels left.
You knew the following spells:

 Your Spells              Type           Power        Failure   Level  Hunger
a - Magic Dart            Conj           ####         4%          1    None
b - Searing Ray           Conj           ####..       6%          2    None

Your spell library contained the following spells:

 Spells                   Type           Power        Failure   Level  Hunger
 Corona                   Hex            #......      32%         1    None
 Dazzling Flash           Conj/Hex       ###...       34%         3    #......
 Ensorcelled Hibernation  Hex/Ice        #.....       45%         2    None
 Confusing Touch          Hex            #.......     69%         3    #......
 Tukima's Dance           Hex            #.......     69%         3    #......
 Fulminant Prism          Conj/Hex       ###.......   75%         4    ###....
 Iskenderun's Mystic Bla  Conj/Tloc      ###.....     75%         4    ###....


Dungeon Overview and Level Annotations

Branches:
Dungeon (8/15)             Temple (1/1) D:7
   Lair: D:8-11

Altars:
Ashenzari
Cheibriados
Dithmenos
Elyvilon
Fedhas
Gozag
Hepliaklqana
Kikubaaqudgha
Makhleb
Nemelex Xobeh
Okawaru
Qazlal
Ru
Sif Muna
Trog
Uskayaw
Vehumet
Wu Jian
Xom
Yredelemnul
Zin
The Shining One

Shops:
D:5 %


Message History

The queen ant barely misses you.
You riposte.
Your ring mail prevents you from hitting the queen ant.
The queen ant is heavily wounded.
The searing ray hits the queen ant but does no damage.
The queen ant is heavily wounded.
The searing ray hits the soldier ant!
The soldier ant is heavily wounded.
The queen ant stings you.
The searing ray hits the queen ant!
The queen ant is severely wounded.
The searing ray hits the soldier ant.
The soldier ant is severely wounded.
You finish channeling your searing ray.
The queen ant stings you!
You hit the queen ant.
The queen ant is severely wounded.
The queen ant stings you!
* * * LOW HITPOINT WARNING * * *
You are lethally poisoned!
The queen ant poisons you! The queen ant stings you!
You die...

#.....>.######....#
#....
#.................#
#....
#.................#
###'#
#...........>.....#
#....
#.................#
#....
#.................#
#....
#.......###########
#.... #.......#
#.... #.......#
#####
#......<#######
#....
#......aa@....#
#....
##########....#
##..÷ #....÷'....#
##... #.....#....#
#.... ###'###....#
#.... #.....#....#
##... #.....#....#
#.... #######....#
#....
########......#
##...
#.............#
#....
#.............#
#####


You could see a queen ant and a soldier ant.

Vanquished Creatures
  A human (D:7)
  4 hogs (D:7)
  A hungry ghost (D:7)
  A soldier ant (D:8)
  A black bear (D:7)
  2 sky beasts
  A necrophage (D:7)
  An ice beast (D:7)
  2 ogres
  3 centaurs
  A big kobold (D:7)
  A bullfrog (D:6)
  A wyvern skeleton (D:7)
  2 crimson imps
  4 hounds
  A bullfrog skeleton (D:5)
  2 orc priests
  2 orc wizards
  A centaur skeleton (D:7)
  4 iguanas
  10 worker ants
  A worker ant zombie (D:5)
  Robin (D:2)
  9 adders
  2 adder zombies (D:5)
  3 worms
  2 dart slugs (D:1)
  4 leopard geckos
  30 orcs
  4 ball pythons
  3 giant cockroaches
  16 goblins
  10 hobgoblins
  3 jackals (D:7)
  17 kobolds
  6 quokkas
  13 bats
  7 frilled lizards
  A jackal skeleton (D:5)
  2 quokka skeletons
  A quokka zombie (D:6)
  11 rats
192 creatures vanquished.

Notes
Turn   | Place    | Note
-------+----------+-------------------------------------------
     0 | D:1      | Gorlak the Human Conjurer began the quest for the Orb.
     0 | D:1      | Reached XP level 1. HP: 13/13 MP: 3/3
   141 | D:1      | Reached XP level 2. HP: 6/19 MP: 3/5
   170 | D:1      | Found a glowing golden altar of the Shining One.
   394 | D:1      | Reached XP level 3. HP: 17/24 MP: 3/6
   445 | D:1      | Learned a level 2 spell: Searing Ray
  1161 | D:2      | Reached XP level 4. HP: 30/30 MP: 4/7
  1162 | D:2      | Noticed Robin
  1581 | D:2      | Killed Robin
  1752 | D:2      | Found a white marble altar of Elyvilon.
  2246 | D:3      | Reached XP level 5. HP: 32/35 MP: 6/9
  2297 | D:3      | Reached skill level 5 in Conjurations
  3055 | D:4      | Reached XP level 6. HP: 24/41 MP: 4/12
  3551 | D:4      | Reached skill level 5 in Spellcasting
  3763 | D:4      | Noticed an ogre
  3774 | D:4      | Killed an ogre
  3774 | D:4      | Reached XP level 7. HP: 46/46 MP: 4/15
  4605 | D:5      | Entered Level 5 of the Dungeon
  4859 | D:5      | Reached skill level 1 in Armour
  4971 | D:5      | Reached XP level 8. HP: 52/52 MP: 13/18
  4999 | D:5      | Reached skill level 2 in Armour
  5391 | D:5      | Found Misaot's Food Shop.
  5654 | D:5      | Reached skill level 3 in Armour
  5779 | D:6      | Reached skill level 4 in Armour
  6134 | D:6      | Reached skill level 5 in Armour
  6144 | D:6      | Identified the +9 falchion of Keduok {vorpal, Int+4}
  6468 | D:6      | Reached skill level 6 in Armour
  6836 | D:7      | Found a staircase to the Ecumenical Temple.
  6837 | D:7      | Found the +8 Wrath of Trog {antimagic, *Rage}
  6842 | D:7      | Reached XP level 9. HP: 37/57 MP: 13/19
  6864 | Temple   | Entered the Ecumenical Temple
  7077 | Temple   | Became a worshipper of Ashenzari the Shackled
  7180 | D:7      | Reached skill level 7 in Armour
  7567 | D:7      | Reached skill level 1 in Long Blades
  7604 | D:7      | Reached skill level 1 in Fighting
  7867 | D:7      | Reached skill level 8 in Armour
  8064 | D:8      | Reached XP level 10. HP: 69/71 MP: 15/20
  8205 | D:8      | Noticed a queen ant
  8238 | D:7      | Slain by a queen ant

Levels and vault maps discovered:
D:1:      doesnt_arrival_eight_statues, layout_basic, tso_metal_star
D:2:      layout_basic, elyvilon_altar_3, uniq_robin
D:3:      layout_basic, serial_glass, glass_columns_a, glass_columns_a,
          glass_columns_a, glass_columns_a, glass_columns_a, glass_columns_c
D:4:      minmay_general_purpose_star, layout_cave_pods,
          kennysheep_generic_room_16
D:5:      layout_basic, serial_shops, shop_statue, first_ration
D:6:      layout_cave_pools, st_stairs_13
D:7:      layout_gridville, minmay_temple_entry_stoned_glass,
          hangedman_abyss_or_decor_stabs, grunt_livestock
D:8:      layout_cave_pools, david_lair_shrubbed, minivault_29, uniq_psyche,
          uniq_prince_ribbit1, uniq_harold
Temple:   kilobyte_greek_temple

Skill      XL: |  1  2  3  4  5  6  7  8  9 10 |
---------------+-------------------------------+-----
Stealth        | 3 |  3.0
Spellcasting   | 3 4 5 6 7 |  7.0
Conjurations   | 5 |  5.0
Armour         | 1 6 8 |  8.0
Long Blades    | 4 |  4.5
Fighting       | 3 4 |  4.4
Dodging        | |  2.0

Action                   |  1- 3 |  4- 6 |  7- 9 | 10-12 || total
-------------------------+-------+-------+-------+-------++-------
Melee: Club              |     5 |       |       |       ||     5
       Spear             |     4 |       |       |       ||     4
       Short sword       |    17 |       |       |       ||    17
       Dagger            |    43 |   140 |   162 |       ||   345
       Falchion          |       |       |    36 |    11 ||    47
 Cast: Magic Dart        |    43 |    57 |    38 |     4 ||   142
       Searing Ray       |     1 |    23 |    38 |     6 ||    68
Invok: Curse Item        |       |       |     2 |       ||     2
  Use: Scroll            |       |       |     1 |       ||     1
 Stab: Sleeping          |     4 |     1 |     4 |       ||     9
       Distracted        |       |       |     1 |       ||     1
  Eat: Chunk             |     1 |    10 |    13 |     1 ||    25
       Ration            |       |       |     1 |       ||     1
Armor: Robe              |    23 |    57 |     7 |       ||    87
       Ring mail         |       |       |   102 |    13 ||   115
Dodge: Dodged            |    52 |   128 |   129 |    13 ||   322
Block: Buckler           |       |       |    39 |     2 ||    41
       Rpst.: Falchion   |       |       |     8 |     3 ||    11

Table legend:
 A = Non-vault XP
 B = Vault XP
 C = Vault XP percentage of total XP
 D = Non-vault monster count
 E = Vault monster count
 F = Vault count percentage of total count
                 A         B        C        D         E       F
            +---------+---------+-------+---------+---------+-------
      Total |    2845 |    1366 |  32.4 |     163 |      29 |  15.1
            +---------+---------+-------+---------+---------+-------
        D:1 |      60 |       0 |   0.0 |      34 |       0 |   0.0
        D:2 |      20 |      35 |  63.6 |      13 |      11 |  45.8
        D:3 |     121 |       4 |   3.2 |      35 |       2 |   5.4
        D:4 |     555 |       8 |   1.4 |      20 |       4 |  16.7
        D:5 |     534 |       0 |   0.0 |      27 |       0 |   0.0
        D:6 |     596 |      33 |   5.2 |      14 |       1 |   6.7
        D:7 |     959 |    1036 |  51.9 |      20 |       7 |  25.9
        D:8 |       0 |     250 | 100.0 |       0 |       4 | 100.0
            +---------+---------+-------+---------+---------+-------
